 Dungeon Crawl Stone Soup version 0.31-a0-214-gb37851d (webtiles) character file.

Game seed: 11549220175068837235

99 lyrin the Shooter (level 4, -8/26 HPs)
             Began as a Deep Elf Hunter on July 1, 2023.
             Mangled by an iguana (9 damage)
             ... on level 4 of the Dungeon.
             The game lasted 00:02:48 (2128 turns).

lyrin the Shooter (Deep Elf Hunter)                 Turns: 2128, Time: 00:02:48

Health: -8/26      AC:  5    Str:  8    XL:     4   Next: 45%
Magic:  6/6        EV: 17    Int: 14    God:
Gold:   181        SH:  0    Dex: 20    Spells: 3/3 levels left

rFire   . . .        a - +0 shortbow
rCold   . . .        (shield currently unavailable)
rNeg    . . .        c - +0 leather armour
rPois   .            h - +0 helmet
rElec   .            (no cloak)
rCorr   .            r - +0 pair of gloves
SInv    .            (no boots)
Will    .....        (no amulet)
Stlth   ++           l - +5 ring of evasion
HPRegen 0.24/turn    (no ring)
MPRegen 0.10/turn

%: no passive effects
@: no status effects
A: no striking features
a: no special abilities


You were on level 4 of the Dungeon.
You visited 1 branch of the dungeon, and saw 4 of its levels.

You collected 181 gold pieces.

Inventory:

Hand Weapons
 a - a +0 shortbow (weapon)
 j - a +1 dagger of venom
Missiles
 q - 7 poisoned darts
Armour
 c - a +0 leather armour (worn)
 h - a +0 helmet (worn)
 r - a +0 pair of gloves (worn)
Jewellery
 l - a +5 ring of evasion (left hand)
Scrolls
 b - a scroll of butterflies
 d - a scroll of acquirement {unknown}
 f - a scroll of vulnerability {unknown}
 i - a scroll of blinking {unknown}
 m - a scroll of enchant armour {unknown}
 n - a scroll of identify {unknown}
 o - a scroll of teleportation {unknown}
 p - 2 scrolls of fear {unknown}
Potions
 e - a potion of curing {unknown}
 g - 5 potions of brilliance {unknown}
 k - a potion of heal wounds {unknown}


   Skills:
 + Level 2.0 Fighting
 + Level 7.4 Ranged Weapons
 + Level 0.3 Armour
 + Level 2.5 Dodging
 - Level 1.2 Stealth


You had 3 spell levels left.
You didn't know any spells.
Your spell library was empty.

Dungeon Overview and Level Annotations

Branches:
Dungeon (4/15)
 Temple: D:4-7

Altars:
Ru
Yredelemnul

Shops:
D:1 ?:


Message History

You shoot an arrow.
The arrow hits the iguana but does no damage.
The iguana is severely wounded.
The iguana bites you! The kobold closely misses you.
You shoot an arrow. The arrow barely misses the iguana.
The iguana closely misses you.
The kobold hits you with a +0 short sword.
You are too injured to fight recklessly!
You are too injured to fight recklessly!
Unknown command.
You are too injured to fight recklessly!
Fire: a) +0 shortbow
Press: ? - help, Q - select action, (/) - cycle Shift-Dir - straight line, f/p - iguana
Aim: an iguana (severely wounded, 69% to hit)
You shoot an arrow.
The arrow hits the iguana but does no damage.
The iguana is severely wounded.
The kobold closely misses you. The iguana bites you.
Fire: a) +0 shortbow
Press: ? - help, Q - select action, (/) - cycle Shift-Dir - straight line, f/p - iguana
Aim: an iguana (severely wounded, 69% to hit)
You shoot an arrow. The arrow barely misses the iguana.
The kobold closely misses you. The iguana bites you!
* * * LOW HITPOINT WARNING * * *
Fire: a) +0 shortbow
Press: ? - help, Q - select action, (/) - cycle Shift-Dir - straight line, f/p - iguana
Aim: an iguana (severely wounded, 69% to hit)
You shoot an arrow.
The arrow hits the iguana but does no damage.
The iguana is severely wounded.
The iguana misses you. The kobold hits you but does no damage.
Fire: a) +0 shortbow
Press: ? - help, Q - select action, (/) - cycle Shift-Dir - straight line, f/p - iguana
Aim: an iguana (severely wounded, 69% to hit)
You shoot an arrow.
The arrow hits the iguana but does no damage.
The iguana is severely wounded.
You hear a shout!
The iguana bites you!
You die...

### ...
#>#.######.#
#...K.<....#
#...#@.....#
#.
#l........
#.####....
#.. ... ##.
.. .. # ##


You could see an iguana and a kobold.

Vanquished Creatures
  4 adders
  A worm (D:2)
  2 dart slugs
  10 endoplasms
  A giant cockroach (D:1)
  5 goblins
  3 hobgoblins
  3 jackals (D:3)
  3 quokkas
  2 ball pythons (D:3)
  5 bats
  2 frilled lizards
  8 kobolds
  A rat (D:3)
50 creatures vanquished.

Notes
Turn   | Place    | Note
-------+----------+-------------------------------------------
     0 | D:1      | lyrin the Deep Elf Hunter began the quest for the Orb.
     0 | D:1      | Reached XP level 1. HP: 12/12 MP: 3/3
    37 | D:1      | Found Sougginn's Magic Scroll Shop.
   165 | D:1      | Reached XP level 2. HP: 16/17 MP: 4/4
   225 | D:1      | Found Giurphau's Book Shoppe.
   819 | D:2      | Reached skill level 6 in Ranged Weapons
   869 | D:2      | Reached XP level 3. HP: 21/21 MP: 5/5
   892 | D:2      | Found a sacrificial altar of Ru.
  1252 | D:2      | Reached skill level 7 in Ranged Weapons
  1481 | D:3      | Reached XP level 4. HP: 26/26 MP: 6/6
  1960 | D:3      | Found a basalt altar of Yredelemnul.
  2126 | D:4      | HP: 1/26 [iguana (8)]
  2128 | D:4      | Mangled by an iguana

Illustrated notes

Levels and vault maps discovered:
D:1:      scummos_arrival_simple_crosswalls, layout_basic, serial_shops, shop,
          nicolae_book_shop_shelving
D:2:      layout_rooms, basic_altar, minivault_26
D:3:      layout_loops_cross, amcnicky_altar_gilded
D:4:      layout_basic

Skill      XL: |  1  2  3  4 |
---------------+-------------+-----
Ranged Weapons | 6 7 |  7.4
Fighting       | 2 |  2.0
Armour         | |  0.3
Dodging        | |  2.5
Stealth        | |  1.2

Action                     |  1- 3 |  4- 6 || total
---------------------------+-------+-------++-------
   Fire: Shortbow          |    97 |    80 ||   177
 Armour: Leather armour    |     7 |    10 ||    17
  Dodge: Dodged            |    15 |    34 ||    49

Table legend: (Time is in decaauts)
 A = Elapsed time spent in this place.
 B = Non-inter-level travel time spent in this place.
 C = Inter-level travel time spent in this place.
 D = Time resting spent in this place.
 E = Time spent auto-exploring this place.
 F = Levels seen in this place.
 G = Mean time per level.
                   A        B        C        D        E       F      G
               +--------+--------+--------+--------+--------+-----+--------+
         Total |   2148 |   2085 |     63 |      0 |   1751 |   4 |  537.0 |
       Dungeon |   2148 |   2085 |     63 |      0 |   1751 |   4 |  537.0 |
               +--------+--------+--------+--------+--------+-----+--------+

Top non-repeatable levels by time:
     D:1: 809 daAuts
     D:3: 670 daAuts
     D:2: 658 daAuts
     D:4: 10 daAuts
